 Dungeon Crawl Stone Soup version 0.13.0 (webtiles) character file.

830 MirrMurr the Ducker (level 7, -16/27 HPs)
             Began as a Felid Necromancer on Oct 10, 2013.
             Demolished by an ogre
             ... wielding a +0,+0 giant club
              (26 damage)
             ... on Level 6 of the Dungeon on Oct 11, 2013.
             The game lasted 00:46:16 (8912 turns).

MirrMurr the Ducker (Felid Necromancer)             Turns: 8912, Time: 00:46:16

HP -16/27        AC  2     Str  6      XL: 7   Next:  5%
MP   1/20        EV 22     Int 16      God:
Gold 289         SH  0     Dex 17      Spells:  5 memorised,  3 levels left
Lives: 0, deaths: 2

Res.Fire  : . . .   See Invis. : +     - Unarmed
Res.Cold  : . . .   Warding    : .   (armour unavailable)
Life Prot.: . . .   Conserve   : +   (shield unavailable)
Res.Poison: +       Res.Corr.  : .   (helmet unavailable)
Res.Elec. : .       Clarity    : .   (cloak unavailable)
Sust.Abil.: . .     Spirit.Shd : .   (gloves unavailable)
Res.Mut.  : .       Stasis     : .   (boots unavailable)
Res.Rott. : .       Flight     : .   g - amulet of conservation
Saprovore : . . .                    d - ring of protection from magic
                                     r - ring of poison resistance

@: very slightly contaminated, quick, quite resistant to hostile enchantments,
stealthy
A: paw claws, no armour, no advanced items, fangs 3, see invisible, carnivore 3,
speed 1, slow metabolism 1, AC +2
a: no special abilities


You were on level 6 of the Dungeon.
You were full.

You visited 1 branch of the dungeon, and saw 6 of its levels.
You also visited: Sewer.

You collected 269 gold pieces.

Inventory:

Comestibles
 c - 3 meat rations
Scrolls
 a - 2 scrolls of enchant armour {unknown}
 e - a scroll of amnesia {unknown}
 f - 2 scrolls of immolation {unknown}
 h - 3 scrolls of curse armour {unknown}
 i - 5 scrolls of identify
 j - 2 scrolls of magic mapping
 k - a scroll of blinking {unknown}
 l - a scroll of fear
 n - 2 scrolls of enchant weapon I {unknown}
 q - 3 scrolls of random uselessness {unknown}
 s - a scroll of remove curse {unknown}
 u - 2 scrolls of teleportation {unknown}
Jewellery
 d - a ring of protection from magic (right paw)
 g - an amulet of conservation (around neck)
 r - a ring of poison resistance (left paw)
Potions
 m - 2 potions of brilliance
Books
 b - a book of Necromancy

   Spells                             Type                      Level
   *Pain                              Necromancy                   1
   *Animate Skeleton                  Necromancy                   1
   Lethal Infusion                    Charms/Necromancy            2
   *Vampiric Draining                 Necromancy                   3
   *Regeneration                      Charms/Necromancy            3
   *Animate Dead                      Necromancy                   4
   Control Undead                     Necromancy                   4


   Skills:
 - Level 0.2 Fighting
 + Level 6.4 Dodging
 - Level 2.6 Stealth
 * Level 3.6 Unarmed Combat
 - Level 4.5 Spellcasting
 + Level 6.0 Necromancy


You had 3 spell levels left.
You knew the following spells:

 Your Spells              Type           Power        Failure   Level  Hunger
a - Pain                  Necr           ###.         1%          1    None
b - Animate Skeleton      Necr           N/A          1%          1    None
c - Vampiric Draining     Necr           ###.......   4%          3    ###....
d - Animate Dead          Necr           N/A          14%         4    ####...
r - Regeneration          Chrm/Necr      ##........   14%         3    ###....


Dungeon Overview and Level Annotations

Branches:
Dungeon (6/27)
 Temple: D:4-7          Orc: D:6-11

Altars:

Portals:
Ziggurat: D:5 (3370 gp)

Annotations:
D:2 yiuf


Innate Abilities, Weirdness & Mutations

You cannot wear armour.
You are incapable of any advanced item manipulation.
Your paws have sharp claws.
You have razor-sharp teeth.
You have supernaturally acute eyesight.
You are carnivorous and can eat meat at any time.
You cover ground quickly.
You are covered in thick fur (AC +2).
You have a slow metabolism.


Message History

Press: ? - help, Shift-Dir - straight line, f/p - ogre
Aim: an ogre, wielding a giant club (severely wounded)
The ogre is severely wounded.
You feel life coursing into your body. The ogre hits you with a giant club!
Ouch! That really hurt!
A rat zombie comes into view.
Casting: Vampiric Draining
Confirm with . or Enter, or press ? or * to list all spells.
Aiming: Pain
Press: ? - help, Shift-Dir - straight line, f/p - ogre
Aim: an ogre, wielding a giant club (severely wounded)
The ogre convulses in agony!
Casting: Pain
Confirm with . or Enter, or press ? or * to list all spells.
Aiming: Pain
Press: ? - help, Shift-Dir - straight line, f/p - ogre
Aim: an ogre, wielding a giant club (severely wounded)
The ogre convulses in agony!
The ogre hits you with a giant club!
Ouch! That really hurt!
You die...

#g# .....[
....# #.#.#
########.
#.#.###
#........z
#(.?..# #@#
##.....# #O#
#.##......###.#
#......<......#
#.##..<...###.#
............#.#
####.######.#..
#. .#.## # ...


You could see an ogre and a rat zombie (dormant).

Vanquished Creatures
  Purgy (D:4)
  2 ogres
  2 crimson imps (D:5)
  2 hounds (D:4)
  2 orc wizards (D:5)
  An iguana (D:4)
  3 worker ants
  Jessica (D:2)
  A gnoll (D:1)
  10 adders
  4 worms
  A giant mite (D:5)
  A giant eyeball (D:4)
  4 giant geckos
  An ooze (D:2)
  13 orcs
  A ball python (D:3)
  9 giant cockroaches
  18 goblins
  9 hobgoblins
  9 jackals
  3 quokkas
  13 bats
  2 giant newts
  A hobgoblin zombie (D:5)
  14 kobolds
  A kobold skeleton (D:4)
  A kobold zombie (D:5)
  7 rats
  A rat skeleton (D:5)
138 creatures vanquished.

Vanquished Creatures (collateral kills)
  The ghost of Bloax the Charmwright, an average GrSk (D:4)
  An ogre (D:5)
  An orc wizard (D:3)
  A hound zombie (D:5)
  3 adders (D:2)
  2 giant geckos
  An orc (D:3)
  A jackal (D:2)
  A kobold (D:2)
  A ball python (D:2)
  2 goblins
15 creatures vanquished.

Vanquished Creatures (others)
  A troll skeleton (D:4)
  2 adder skeletons
  5 bat skeletons
  A ball python skeleton (D:3)
  A giant cockroach zombie (D:4)
  2 giant gecko skeletons (D:4)
  A giant newt skeleton (D:1)
  5 goblin skeletons
  2 hobgoblin skeletons
  3 jackal skeletons
  6 kobold skeletons
  6 orc skeletons
  2 rat skeletons (D:4)
37 creatures vanquished.

Grand Total: 190 creatures vanquished

Notes
Turn   | Place    | Note
--------------------------------------------------------------
     0 | D:1      | MirrMurr, the Felid Necromancer, began the quest for the Orb.
     0 | D:1      | Reached XP level 1. HP: 7/7 MP: 4/4
     2 | D:1      | Learned a level 1 spell: Animate Skeleton
   493 | D:1      | Reached XP level 2. HP: 9/11 MP: 2/5
  1485 | D:1      | Reached XP level 3. HP: 7/14 MP: 1/8
  1750 | D:1      | Learned a level 3 spell: Vampiric Draining
  2259 | D:2      | Noticed Jessica
  2263 | D:2      | Killed Jessica
  2263 | D:2      | Reached XP level 4. HP: 9/18 MP: 0/11
  3171 | D:2      | Learned a level 3 spell: Regeneration
  3225 | D:2      | Reached XP level 5. HP: 21/21 MP: 2/13
  4892 | D:4      | Found a glowing drain.
  5080 | D:4      | Noticed Bloax's ghost (average GrSk)
  5087 | Sewer    | Entered a sewer
  5254 | Sewer    | Noticed Purgy
  5734 | D:4      | Noticed an ogre
  5749 | D:4      | Slain by an ogre
  5750 | D:4      | Reached XP level 4. HP: -2/18 MP: 9/12
  5918 | D:4      | Paralysed by a giant eyeball for 2 turns
  5924 | D:4      | Paralysed by a giant eyeball for 2 turns
  6252 | D:4      | Killed Purgy
  6252 | D:4      | Reached skill level 5 in Necromancy
  6252 | D:4      | Reached XP level 5. HP: 10/21 MP: 3/15
  6480 | D:4      | Reached skill level 5 in Dodging
  6548 | D:4      | Noticed an ogre
  6555 | D:4      | Your ally Purgy died
  6558 | D:4      | Gained mutation: You are covered in thick fur (AC +2). [growing up]
  6558 | D:4      | Reached XP level 6. HP: 16/24 MP: 10/18
  6559 | D:4      | Killed an ogre
  6921 | D:4      | Learned a level 4 spell: Animate Dead
  7143 | D:4      | Killed Bloax's ghost
  7143 | D:4      | Reached skill level 1 in Unarmed Combat
  7297 | D:5      | Entered Level 5 of the Dungeon
  7315 | D:5      | Reached XP level 7. HP: 3/27 MP: 4/20
  7698 | D:5      | Upgraded the game from 0.13-b1-54-gfe00c74 to 0.13.0
  7799 | D:5      | Mangled by an ogre
  7800 | D:5      | Reached XP level 6. HP: -7/24 MP: 12/18
  7802 | D:5      | Reached skill level 6 in Dodging
  7826 | D:5      | Found a gateway to a ziggurat.
  8647 | D:5      | Reached XP level 7. HP: 25/27 MP: 17/20
  8912 | D:6      | Demolished by an ogre

Action                   |  1- 3 |  4- 6 |  7- 9 || total
-------------------------+-------+-------+-------++-------
Melee: Unarmed           |    21 |    70 |    28 ||   119
 Cast: Pain              |    49 |   203 |    29 ||   281
       Animate Skeleton  |    16 |    47 |     3 ||    66
       Vampiric Draining |     1 |    33 |     7 ||    41
       Regeneration      |       |     4 |       ||     4
       Animate Dead      |       |     3 |       ||     3
  Use: Potion            |       |     6 |       ||     6
       Scroll            |       |     8 |       ||     8
 Stab: Sleeping          |       |     1 |     1 ||     2
       Distracted        |       |       |     1 ||     1
